 Dungeon Crawl Stone Soup version 0.30-a0-777-ga9a30cbeda (webtiles) character file.

Game seed: 17805707642520858655

3289 retardedninja the Basher (level 10, -13/63 HPs)
             Began as a Gargoyle Fighter on Feb 13, 2023.
             Was an Initiate of Gozag.
             Engulfed by a steam dragon's steam (14 damage)
             ... on level 8 of the Dungeon.
             The game lasted 00:12:13 (7433 turns).

retardedninja the Basher (Gargoyle Fighter)         Turns: 7433, Time: 00:12:13

Health: -13/63     AC: 24    Str: 24    XL:     10   Next: 1%
Magic:  10/10      EV:  8    Int:  9    God:    Gozag
Gold:   240        SH:  5    Dex:  9    Spells: 9/9 levels left

rFire   x . .      SeeInvis .    d - +2 flail (heavy)
rCold   + + .      Faith    .    c - +0 buckler
rNeg    + . .      Spirit   .    x - +3 chain mail {rC+}
rPois   ∞          Reflect  .    (no helmet)
rElec   +          Harm     .    E - +2 cloak {Will+}
rCorr   .          Rampage  .    (no gloves)
Will    +....                    (no boots) Stlth
                                 (no amulet)
HPRegen 0.30/turn                k - ring of flight
MPRegen 0.12/turn                C - ring of ice

@: gold aura, flying
A: sickness immunity, AC +7, negative energy resistance 1, electricity
resistance, torment resistance 1, petrification resistance
a: Renounce Religion, Potion Petition, Call Merchant, Bribe Branch


You were on level 8 of the Dungeon.
You worshipped Gozag.
Gozag was aware of your devotion.
You visited 2 branches of the dungeon, and saw 9 of its levels.

You collected 703 gold pieces.
You spent 403 gold pieces at shops.
You paid 60 gold pieces to Gozag.

Inventory:

Hand Weapons
 d - a +2 heavy flail (weapon)
Armour
 c - a +0 buckler (worn)
 x - a +3 chain mail of cold resistance (worn)
 E - a +2 cloak of willpower (worn)
Jewellery
 b - a ring of protection from cold
 k - a ring of flight (left hand)
 C - a ring of ice (right hand)
Wands
 f - a wand of mindburst (20)
 u - a wand of charming (4)
 w - a wand of iceblast (18)
 D - a wand of digging (6)
Scrolls
 l - a scroll of teleportation
 r - 2 scrolls of poison
 y - 2 scrolls of torment
 B - a scroll of brand weapon
Potions
 a - 3 potions of lignification
 i - a potion of degeneration
 p - a potion of mutation
 q - a potion of resistance
 s - a potion of ambrosia
 v - 2 potions of brilliance
 z - a potion of magic
 A - a potion of curing


   Skills:
 + Level 7.6 Fighting
 * Level 8.8 Maces & Flails
 + Level 7.5 Armour
 + Level 7.6 Shields


You had 9 spell levels left.
You didn't know any spells.
Your spell library contained the following spells:

 Spells                   Type           Power      Damage    Failure   Level
 Apportation              Tloc           0%         N/A       97%         1
 Necrotise                Necr           0%         1d4       97%         1
 Summon Small Mammal      Summ           0%         N/A       97%         1
 Blink                    Tloc           0%         N/A       99%         2
 Lesser Beckoning         Tloc           0%         N/A       99%         2
 Momentum Strike          Conj/Tloc      0%         3d8       99%         2
 Call Canine Familiar     Summ           0%         N/A       100%        3
 Summon Guardian Golem    Hex/Summ       0%         N/A       100%        3
 Petrify                  Tmut/Erth      0%         N/A       100%        4
 Irradiate                Conj/Tmut      0%         3d11      100%        5
 Sublimation of Blood     Necr           Unusable   N/A       N/A         2

Dungeon Overview and Level Annotations

Branches:
Dungeon (8/15)             Temple (1/1) D:5
   Lair: D:8-11

Altars:
Ashenzari
Cheibriados
Dithmenos
Elyvilon
Fedhas
Gozag
Kikubaaqudgha
Makhleb
Nemelex Xobeh
Okawaru
Qazlal
Ru
Sif Muna
Trog
Uskayaw
Vehumet
Wu Jian
Xom
Yredelemnul
Zin
The Shining One

Shops:
D:2 ?   D:4 *[   D:5 [[[(

Annotations:
D:4 3 runed translucent doors, jimonade's ghost, amateur OgWr
D:7 2 transporters, elongatedgoose's ghost, novice MfGl


Innate Abilities, Weirdness & Mutations

You are immune to sickness and miasma.
Your stone body is resilient. (AC +7)
You are immune to poison.
You resist negative energy. (rN+)
You are resistant to electric shocks. (rElec)
You are resistant to unholy torment.
You are immune to petrification.


Message History

The steam dragon is severely wounded.
The steam dragon breathes steam at you. The ball of steam hits you!!
The steam scalds you terribly!
* * * LOW HITPOINT WARNING * * *
The steam dragon bites you but does no damage.
You block the steam dragon's attack.
You hear an angry buzzing noise. x2
You closely miss the steam dragon.
The steam dragon is severely wounded.
You are engulfed in a cloud of scalding steam.
The steam dragon breathes steam at you. The ball of steam hits you.
The steam scalds you terribly!
* * * LOW HITPOINT WARNING * * *
You hear an angry buzzing noise.
You feel much better.
You are engulfed in a cloud of scalding steam.
The steam dragon breathes steam at you. The ball of steam misses you.
You hear an angry buzzing noise.
A killer bee comes into view.
You barely miss the steam dragon.
The steam dragon is severely wounded.
You are engulfed in a cloud of scalding steam.
* * * LOW HITPOINT WARNING * * *
The killer bee buzzes angrily.
The killer bee is engulfed in a cloud of scalding steam.
The steam dragon breathes steam at you. The ball of steam hits you.
The steam scalds you terribly!
* * * LOW HITPOINT WARNING * * *
The ball of steam hits the killer bee!
The killer bee dies!
The steam dragon barely misses you.
The steam dragon claws you but does no damage.
You hear an angry buzzing noise.
Okay, then.
You hit the steam dragon.
The steam dragon is severely wounded.
You are engulfed in a cloud of scalding steam.
You die...
Your body crumbles into a pile of gold.

#.# ##.# $ ##..# ...
..... #... .
##..######.# ### #..
..........# #..
#....#####.§......#
#..
......D@.§.§......#
#..
###....###.§......#
##.. #.##.#
#........###... #
.#.. ######.........
......####.<.))###..
........)...##......
......####..####.##.
......#....####.....
$ ...<......##
#..#.).


You could see a steam dragon (catching breath).

Vanquished Creatures
  Grinder (D:4)
  Prince Ribbit (D:4)
  Eustachio (D:4)
  Menkaure (D:4)
  Edmund (D:3)
  A water moccasin (D:8)
  Duvessa (D:5)
  3 ice beasts
  A sky beast (D:7)
  A black bear (D:7)
  An ogre (D:7)
  A phantom (D:7)
  A kobold brigand (D:8)
  2 bullfrogs
  2 necrophages
  4 scorpions
  Dowan (D:5)
  5 killer bees (D:7)
  2 howler monkeys
  2 hounds
  2 jellies
  An orc priest (D:7)
  2 gnoll boudas
  2 iguanas
  Ijyb (D:5)
  4 orc wizards
  14 adders
  14 gnolls
  2 shadow imps
  4 worms
  2 dart slugs (D:1)
  19 orcs
  7 bats
  6 endoplasms
  3 giant cockroaches
  8 hobgoblins
  2 jackals (D:1)
  5 quokkas
  8 ball pythons
  8 frilled lizards
  5 goblins
  14 kobolds
  6 rats
172 creatures vanquished.

Vanquished Creatures (others)
  A killer bee (D:8)
  8 fungi (D:2)
  2 plants (D:5)
11 creatures vanquished.

Grand Total: 183 creatures vanquished

Notes
Turn   | Place    | Note
-------+----------+-------------------------------------------
     0 | D:1      | retardedninja the Gargoyle Fighter began the quest for the
                  | Orb.
     0 | D:1      | Reached XP level 1. HP: 14/14 MP: 1/1
    46 | D:1      | Reached XP level 2. HP: 16/19 MP: 2/2
   419 | D:1      | Reached XP level 3. HP: 23/23 MP: 3/3
  1023 | D:2      | Reached XP level 4. HP: 22/29 MP: 4/4
  1176 | D:2      | Found Kuxyss's Magic Scroll Boutique.
  1588 | D:3      | Found a blossoming altar of Fedhas.
  1714 | D:3      | Found an iron altar of Okawaru.
  1838 | D:3      | Reached skill level 3 in Maces & Flails
  1842 | D:3      | Found a stormy altar of Qazlal.
  1970 | D:3      | Reached XP level 5. HP: 31/33 MP: 5/5
  2253 | D:4      | Noticed Edmund
  2273 | D:3      | Killed Edmund
  2274 | D:3      | Reached XP level 6. HP: 39/39 MP: 6/6
  2329 | D:4      | Reached skill level 4 in Maces & Flails
  2351 | D:4      | Found Qaoqi's Armour Boutique.
  2362 | D:4      | Noticed Grinder
  2365 | D:4      | Paralysed by Grinder for 5 turns
  2384 | D:4      | Killed Grinder
  2385 | D:4      | Reached XP level 7. HP: 26/44 MP: 7/7
  2606 | D:4      | Reached skill level 5 in Fighting
  2733 | D:4      | Reached skill level 5 in Shields
  2765 | D:4      | Reached skill level 5 in Armour
  2800 | D:4      | Reached skill level 5 in Maces & Flails
  2969 | D:4      | Found Ocosk's Assorted Antiques.
  2972 | D:4      | Bought a potion of heal wounds for 145 gold pieces
  3080 | D:4      | Noticed Menkaure
  3085 | D:4      | Killed Menkaure
  3169 | D:4      | Found a runed translucent gate.
  3169 | D:4      | Found a runed translucent gate.
  3169 | D:4      | Found a runed translucent gate.
  3171 | D:4      | Noticed jimonade's ghost (amateur OgWr)
  3249 | D:5      | Entered Level 5 of the Dungeon
  3249 | D:5      | Noticed Eustachio
  3250 | D:5      | Noticed Prince Ribbit
  3289 | D:4      | Reached XP level 8. HP: 44/50 MP: 8/8
  3338 | D:4      | Killed Prince Ribbit
  3339 | D:4      | Reached skill level 6 in Maces & Flails
  3518 | D:4      | Killed Eustachio
  4026 | D:5      | Noticed Dowan
  4027 | D:5      | Noticed Duvessa
  4042 | D:5      | Killed Duvessa
  4067 | D:5      | Killed Dowan
  4155 | D:5      | Noticed Ijyb
  4167 | D:5      | Killed Ijyb
  4213 | D:5      | Found Etroreh's Armour Shoppe.
  4306 | D:5      | Reached skill level 7 in Maces & Flails
  4374 | D:5      | Found Vyxef's Antique Armour Boutique.
  4406 | D:5      | Reached XP level 9. HP: 56/56 MP: 9/9
  4437 | D:5      | Found Unwatis's Antique Armour Emporium.
  4460 | D:5      | Found Xikud's Weapon Shop.
  4516 | D:5      | Found a staircase to the Ecumenical Temple.
  4775 | Temple   | Entered the Ecumenical Temple
  4845 | Temple   | Became a worshipper of Gozag Ym Sagoz the Greedy
  5906 | D:7      | Reached skill level 8 in Maces & Flails
  6399 | D:5      | Bought a +2 cloak of willpower for 258 gold pieces
  6488 | D:7      | Noticed elongatedgoose's ghost (novice MfGl)
  6488 | D:7      | Found a transporter.
  6488 | D:7      | Found a transporter.
  7403 | D:8      | Reached XP level 10. HP: 60/63 MP: 10/10
  7432 | D:8      | HP: 1/63 [steam dragon/ball of steam (4)]
  7433 | D:8      | Engulfed by a steam dragon's steam

Illustrated notes

Levels and vault maps discovered:
D:1:      roderic_dead_forest, layout_basic
D:2:      layout_basic, serial_shops, nicolae_shop_trees,
          dreamdust_mushroom_princess, minmay_three_crescents
D:3:      minmay_chambers_of_threes, layout_basic, mainiacjoe_overflow_alcove_2,
          grunt_qazlal_sundering, mainiacjoe_overflow_surrounded_room
D:4:      layout_rooms, ebering_ghost_rock_garden, serial_shops, shop,
          kennysheep_mini, nicolae_concentric_dashed_squares_mild,
          nicolae_hexahallways, minmay_parallelograms, uniq_grinder,
          uniq_menkaure, uniq_edmund
D:5:      layout_cave_pools, minmay_temple_entry_tees, serial_shops,
          nicolae_take_the_stairs, nicolae_inconvenience_store,
          nicolae_shop_behind_doors, shop, grunt_decor_cap,
          guppyfry_early_lair_pool, uniq_ijyb, uniq_prince_ribbit1,
          uniq_duvessa, uniq_eustachio
D:6:      layout_basic, minmay_misc_feat_plants, nicolae_figureground_sparkle
D:7:      layout_cave_pools, gammafunk_ghost_arena, st_stairs_14
D:8:      layout_rooms, worldfamousw_hep_ancestral_shrine, serial_shops,
          nicolae_shop_temple_entry_statues_fountains, kennysheep_crisscross
Temple:   mainiacjoe_temple_bowtie_tessellation

Skill      XL: |  1  2  3  4  5  6  7  8  9 |
---------------+----------------------------+-----
Fighting       | 4 5 6 7 |  7.6
Shields        | 4 5 6 7 |  7.6
Maces & Flails | 3 4 5 7 8 |  8.8
Armour         | 4 5 6 7 |  7.5

Action                     |  1- 3 |  4- 6 |  7- 9 | 10-12 || total
---------------------------+-------+-------+-------+-------++-------
  Melee: Flail             |   132 |   176 |   414 |     8 ||   730
    Use: Potion            |       |     3 |     4 |     1 ||     8
         Scroll            |       |     5 |    18 |       ||    23
 Armour: Scale mail        |    97 |   102 |   223 |       ||   422
         Chain mail        |       |       |    77 |    13 ||    90
  Dodge: Dodged            |    69 |   101 |   304 |     3 ||   477
  Block: Buckler           |    38 |    49 |   147 |     2 ||   236

Table legend: (Time is in decaauts)
 A = Elapsed time spent in this place.
 B = Non-inter-level travel time spent in this place.
 C = Inter-level travel time spent in this place.
 D = Time resting spent in this place.
 E = Time spent auto-exploring this place.
 F = Levels seen in this place.
 G = Mean time per level.
                   A        B        C        D        E       F      G
               +--------+--------+--------+--------+--------+-----+--------+
         Total |   7632 |   7114 |    518 |   1955 |   3403 |   9 |  848.0 |
       Dungeon |   7371 |   6912 |    459 |   1955 |   3215 |   8 |  921.4 |
        Temple |    261 |    202 |     59 |      0 |    188 |   1 |  261.0 |
               +--------+--------+--------+--------+--------+-----+--------+

Top non-repeatable levels by time:
     D:4: 1640 daAuts
     D:7: 1318 daAuts
     D:5: 987 daAuts
     D:6: 850 daAuts
     D:2: 837 daAuts
     D:1: 795 daAuts
     D:3: 745 daAuts
  Temple: 261 daAuts
     D:8: 195 daAuts
